AoeStats
← leogpoa

Arena

510080505Analyzed
1v1 RM · 3d ago on Sep 29, 2026· 47m 8s· 2 players
Game mode
Random Map
Map size
Tiny (2 player)
Population
200
Speed
Normal
Resources
Standard
Victory
Conquest
Starting age
Dark Age
Ending age
Imperial Age
RankedLock teamsTeams togetherTeam positionsShared explorationLock speedFull tech treeHidden civsTurbo modeCheats
Victory
Defeat
🇦🇺 Danes · Australia
618
+15
🇧🇷 Saracens · Brazil
596
-15
leogpoa
12:00 Feudal Age
19:38 Castle Age
28:44 Scale Barding Armor
28:32 Fletching
28:53 Forging
28:44 Scale Mail Armor
28:47 Horse Collar
33:22 Chain Barding Armor
32:58 Bodkin Arrow
33:39 Iron Casting
33:20 Chain Mail Armor
37:05 Husbandry
37:16 Bloodlines
36:27 Light Cavalry
44:54 Imperial Age
45:07 Heavy Camel Rider
45:09 Hussar
Echidna
7:33 Loom
11:08 Feudal Age
11:49 Double-Bit Axe
11:47 Horse Collar
14:14 Wheelbarrow
16:45 Town Watch
20:10 Castle Age
20:42 Forging
20:32 Scale Mail Armor
20:22 Fletching
20:33 Gold Mining
20:33 Stone Mining
21:33 Bow Saw
21:33 Heavy Plow
25:30 Gold Shaft Mining
25:30 Stone Shaft Mining
25:30 Hand Cart
26:05 Fervor
26:51 Town Patrol
28:39 Iron Casting
28:19 Chain Mail Armor
31:28 Squires
31:13 Arson
31:28 Bodkin Arrow
31:48 Chain Mail Armor
36:14 Imperial Age
35:18 Hamask
36:45 Elite Varangian Guard
38:59 Blast Furnace
38:29 Plate Mail Armor
38:08 Bracer
39:24 Hoardings
38:11 Northmen's Fury
40:46 Plate Mail Armor
40:58 Conscription
44:26 Masonry
44:22 Siege Engineers
44:12 Murder Holes
44:40 Ballistics
44:14 Arrowslits
Connection lost

Rejoining the realm…

Still unreachable

The connection could not be restored.

Session expired

The server has moved on; the page needs a fresh start.